 Dungeon Crawl Stone Soup version 0.32-a0-876-gcfddb08 (webtiles) character file.

Game seed: 10381317296627616045

791 lyrin the Trooper (level 7, -3/59 (72) HPs)
             Began as an Oni Reaver on Mar 31, 2024.
             Shot with an arrow by a centaur (15 damage)
             ... on level 5 of the Dungeon.
             The game lasted 00:07:35 (4987 turns).

lyrin the Trooper (Oni Reaver)                      Turns: 4987, Time: 00:07:35

HP:   -3/59 (72)    AC:  4    Str: 17    XL:     7   Next: 88%
MP:   12/12         EV:  9    Int: 16    God:
Gold: 264           SH:  0    Dex:  7    Spells: 9/12 levels left

rFire   + . .        i - +7 short sword
rCold   . . .        (no shield)
rNeg    . . .        b - +0 robe
rPois   .            (helmet restricted)
rElec   .            q - +0 cloak
rCorr   .            (gloves unavailable)
SInv    +            (boots unavailable)
Will    .....        (no amulet)
Stlth   +            p - ring of the Postmodern Knaves {^Contam Fly rF+ Slay+2 SInv}
HPRegen 0.29/turn    (no ring)
MPRegen 0.13/turn

%: no passive effects
@: flying, heavily drained
A: large, unfitting armour, horns 1, tough skin 1, double potion healing,
drunken brawling
a: no special abilities


You were on level 5 of the Dungeon.
You visited 1 branch of the dungeon, and saw 5 of its levels.
You also visited: Sewer.

You collected 264 gold pieces.

Inventory:

Hand Weapons
 a - a +0 spear
 i - a +7 short sword (weapon)
Missiles
 m - 6 poisoned darts
Armour
 b - a +0 robe (worn)
 c - an orb of guile
 q - a +0 cloak (worn)
Jewellery
 p - the ring of the Postmodern Knaves (left hand) {^Contam Fly rF+ Slay+2 SInv}
   (You found it on level 3 of the Dungeon)

   [ring of flight]

   Slay+2:    It affects your accuracy & damage with ranged weapons and melee
   (+2).
   rF+:       It protects you from fire.
   SInv:      It lets you see invisible.
   Fly:       It grants you flight.
   ^Contam:   It causes magical contamination when unequipped.
Scrolls
 d - a scroll of teleportation {unknown}
 f - 3 scrolls of enchant weapon {unknown}
 h - 3 scrolls of blinking {unknown}
 j - a scroll of torment {unknown}
 l - a scroll of revelation {unknown}
 n - 2 scrolls of identify {unknown}
 s - a scroll of fog {unknown}
 u - 2 scrolls of brand weapon {unknown}
 w - 2 scrolls of enchant armour {unknown}
 y - a scroll of summoning {unknown}
 C - a scroll of amnesia {unknown}
Potions
 e - a potion of curing {unknown}
 g - 2 potions of brilliance {unknown}
 k - a potion of mutation {unknown}
 o - 2 potions of enlightenment {unknown}
 r - a potion of ambrosia {unknown}
 t - a potion of degeneration {unknown}
 v - a potion of lignification {unknown}
 x - 2 potions of heal wounds {unknown}
 z - a potion of cancellation {unknown}
 A - 2 potions of haste {unknown}
 B - a potion of might {unknown}


   Skills:
 + Level 5.2 Fighting
 + Level 4.3 Short Blades
 + Level 4.3 Polearms
 + Level 3.7 Dodging
 * Level 3.4 Spellcasting
 + Level 3.2 Conjurations
 * Level 0.8 Fire Magic


You had 9 spell levels left.
You knew the following spells:

 Your Spells              Type           Power      Damage    Failure   Level
a - Kiss of Death         Conj/Necr      28%        2d7       10%         1
b - Scorch                Fire           10%        2d5       19%         2

Your spell library contained the following spells:

 Spells                   Type           Power      Damage    Failure   Level
 Magic Dart               Conj           52%        1d5       4%          1
 Momentum Strike          Conj/Tloc      14%        3d8       14%         2
 Summon Small Mammal      Summ           8%         N/A       19%         1
 Blink                    Tloc           4%         N/A       26%         2
 Call Imp                 Summ           4%         N/A       26%         2
 Dazzling Flash           Conj/Hex       14%        N/A       28%         3
 Hailstorm                Conj/Ice       7%         3d5       28%         3
 Call Canine Familiar     Summ           2%         N/A       47%         3
 Flame Wave               Conj/Fire      9%         2d6       61%         4
 Summon Blazeheart Golem  Fire/Summ      4%         N/A       83%         4
 Vhi's Electric Charge    Tloc/Air       4%         N/A       87%         4
 Arcjolt                  Conj/Air       3%         1d13      95%         5
 Plasma Beam              Fire/Air       2%         2x1d12    100%        6
 Starburst                Conj/Fire      4%         6d4       100%        6
 Summon Cactus Giant      Summ           1%         N/A       100%        6
 Maxwell's Capacitive Co  Air            1%         ∞         100%        8


Dungeon Overview and Level Annotations

Branches:
Dungeon (5/15)              Sewer (visited)
 Temple: D:4-7

Altars:
Vehumet


Innate Abilities, Weirdness & Mutations

You are too large for most types of armour.
You have a pair of small horns on your head.
You have tough skin. (AC +1)
You gain doubled healing and magic from potions.
Whenever you drink a healing potion, you attack all around you.


Message History

You headbutt the gnoll, but do no damage.
The gnoll is severely wounded.
The gnoll hits you but does no damage.
You puncture the gnoll!
You kill the gnoll!
A gnoll comes into view.
It is wielding a +1 halberd of freezing.
Found a sling.
The gnoll shouts!
The gnoll hits you but does no damage.
Things that are here:
a +0 halberd; a gnoll corpse The gnoll hits you but does no damage.
You hit the gnoll. You headbutt the gnoll.
The gnoll is heavily wounded.
The gnoll hits you with a +0 spear!
You barely miss the gnoll.
The gnoll is heavily wounded.
You hit the gnoll. Your headbutt misses the gnoll.
The gnoll is heavily wounded.
The gnoll closely misses you.
The gnoll hits you from afar with a +1 halberd of freezing!
The gnoll freezes you.
You barely miss the gnoll.
The gnoll is heavily wounded.
The gnoll barely misses you.
The gnoll hits you from afar with a +1 halberd of freezing!
The gnoll freezes you.
Unknown command.
A centaur comes into view.
The centaur shouts!
The centaur wields a +0 orcbow.
The centaur shoots an arrow.
The arrow hits you! The gnoll barely misses you.
The centaur shoots an arrow.
The arrow closely misses you.
You hear a shout!
The centaur shoots an arrow.
The arrow closely misses you. The gnoll attacks as it pursues you!
The gnoll misses you.
The centaur shoots an arrow.
The arrow hits you!
* * * LOW HITPOINT WARNING * * *
The centaur shoots an arrow.
The arrow hits you!
You die...

..........†..#......### .
.................##...##.
............##...# .....
............####.##...#
.........#...###..#...# ...
........###..##.....# ......
.................#.#...........
..........##....##.######......
.......##.#.....@....##.#......
...... .....................#
...#.. ......................#.
.###...............gg..........
...#....................#.....
......................)##.....
...#.............#...#........
#..#.............##c.#...###..
##.#.................#...!#


You could see a centaur and 2 gnolls.

Vanquished Creatures
  2 brain worms (Sewer)
  A scorpion (D:5)
  3 bombardier beetles
  A sleepcap (D:4)
  Natasha (thrice) (D:2)
  6 orc wizards
  5 gnolls
  9 adders
  A shadow imp (D:5)
  A ribbon worm (D:4)
  8 orcs
  12 ball pythons
  7 endoplasms
  8 giant cockroaches
  3 goblins
  8 hobgoblins
  4 jackals (D:3)
  6 kobolds
  5 quokkas
  2 bats (D:2)
  9 frilled lizards
  8 rats
112 creatures vanquished.

Vanquished Creatures (others)
  An orc wizard (D:4)
  2 orcs (D:3)
3 creatures vanquished.

Grand Total: 115 creatures vanquished

Notes
Turn   | Place    | Note
-------+----------+-------------------------------------------
     0 | D:1      | lyrin the Oni Reaver began the quest for the Orb.
     0 | D:1      | Reached XP level 1. HP: 22/22 MP: 3/3
   234 | D:1      | Reached XP level 2. HP: 20/29 MP: 3/5
  1030 | D:1      | Reached XP level 3. HP: 35/36 MP: 7/7
  1105 | D:2      | Reached skill level 3 in Fighting
  1115 | D:2      | Noticed Natasha
  1119 | D:2      | Killed Natasha
  1159 | D:2      | Noticed Natasha
  1167 | D:2      | Killed Natasha
  1168 | D:2      | Reached XP level 4. HP: 38/45 MP: 8/8
  1301 | D:2      | Noticed Natasha
  1307 | D:2      | Killed Natasha
  1405 | D:2      | Reached XP level 5. HP: 54/54 MP: 9/9
  2023 | D:3      | Identified the ring of the Postmodern Knaves {^Contam Fly
                  | rF+ Slay+2 SInv}
  2374 | D:3      | Reached skill level 4 in Fighting
  2374 | D:3      | Reached skill level 1 in Short Blades
  2414 | D:3      | Found a radiant altar of Vehumet.
  2522 | D:3      | Found a faded altar of an unknown god.
  2938 | D:4      | Reached XP level 6. HP: 20/62 MP: 10/10
  3125 | D:4      | Found a glowing drain.
  3134 | Sewer    | Entered a sewer
  3593 | D:4      | Reached XP level 7. HP: 49/71 MP: 11/11
  3937 | D:4      | Reached skill level 5 in Fighting
  4213 | D:4      | Learned a level 2 spell: Scorch
  4378 | D:5      | Entered Level 5 of the Dungeon
  4987 | D:5      | Shot with an arrow by a centaur

Illustrated notes

Levels and vault maps discovered:
D:1:      dpeg_arrival_tiny_i, layout_basic
D:2:      layout_basic, minmay_tripent, uniq_natasha
D:3:      layout_basic, fiery_altar_vehumet,
          dreamdust_ecumenical_altar_angels_and_demons
D:4:      layout_loops_ring, cheibrodos_sewer_entry_drain,
          minmay_a_box_with_orc_wizards_in_it
D:5:      layout_cave_pools, temple_hall, grunt_ministairs_10

Skill      XL: |  1  2  3  4  5  6  7 |
---------------+----------------------+-----
Dodging        | 2 3 |  3.7
Fighting       | 3 4 5 |  5.2
Conjurations   | 3 |  3.2
Spellcasting   | 3 |  3.4
Polearms       | 4 |  4.3
Short Blades   | 1 3 4 |  4.3
Fire Magic     | |  0.8

Action                     |  1- 3 |  4- 6 |  7- 9 || total
---------------------------+-------+-------+-------++-------
  Melee: Spear             |    58 |       |       ||    58
         Headbutt          |    10 |    13 |    14 ||    37
         Short sword       |    22 |   169 |    89 ||   280
   Cast: Kiss of Death     |       |       |     3 ||     3
 Armour: Robe              |    47 |   118 |    68 ||   233
  Dodge: Dodged            |    26 |    81 |    35 ||   142

Table legend: (Time is in decaauts)
 A = Elapsed time spent in this place.
 B = Non-inter-level travel time spent in this place.
 C = Inter-level travel time spent in this place.
 D = Time resting spent in this place.
 E = Time spent auto-exploring this place.
 F = Levels seen in this place.
 G = Mean time per level.
                   A        B        C        D        E       F      G
               +--------+--------+--------+--------+--------+-----+--------+
         Total |   4955 |   4871 |     84 |    419 |   3348 |   6 |  825.8 |
       Dungeon |   4533 |   4449 |     84 |    418 |   3080 |   5 |  906.6 |
         Sewer |    422 |    422 |      0 |      1 |    268 |   1 |  422.0 |
               +--------+--------+--------+--------+--------+-----+--------+

Top non-repeatable levels by time:
     D:4: 1320 daAuts
     D:1: 1079 daAuts
     D:3: 957 daAuts
     D:2: 850 daAuts
   Sewer: 422 daAuts
     D:5: 327 daAuts
